AoeStats
← Shredded_Pork

Black Forest

506648704Analyzed
4v4 RM · 18d ago on Sep 14, 2026· 48m 32s· 8 players
Game mode
Random Map
Map size
Large (8 player)
Population
200
Speed
Normal
Resources
Standard
Victory
Conquest
Starting age
Dark Age
Ending age
Imperial Age
RankedLock teamsTeams togetherTeam positionsShared explorationLock speedFull tech treeHidden civsTurbo modeCheats
Victory
Defeat
🇻🇳 Franks · Vietnam
743
+15
🇮🇳 Huns · India
726
+15
🇨🇳 Persians · China
695
+17
🇻🇳 Koreans · Vietnam
676
+17
🇺🇸 Bohemians · United States
742
-17
714
-16
🇨🇱 Maya · Chile
703
-16
🇬🇧 Armenians · United Kingdom
676
-15
Shredded_Pork
10:22 Feudal Age
11:27 Double-Bit Axe
20:05 Castle Age
19:55 Stone Mining
19:55 Gold Mining
21:11 Bow Saw
26:15 Horse Collar
27:13 Stone Shaft Mining
27:13 Gold Shaft Mining
32:36 Imperial Age
31:17 Wheelbarrow
30:46 Heavy Plow
31:45 Forging
31:36 Scale Mail Armor
31:41 Scale Barding Armor
31:37 Padded Archer Armor
31:27 Fletching
32:02 Ballistics
31:57 Caravan
33:36 Iron Casting
34:09 Chemistry
34:34 Hand Cart
35:58 Conscription
35:41 Kamandaran
37:45 Blast Furnace
37:00 Chain Mail Armor
37:06 Chain Barding Armor
37:01 Leather Archer Armor
36:41 Bodkin Arrow
38:16 Two-Man Saw
38:29 Crop Rotation
39:50 Bloodlines
39:43 Husbandry
40:37 Cavalier
42:48 Savar
43:38 Squires
AnnieQN
5:59 Loom
11:57 Feudal Age
12:44 Double-Bit Axe
20:00 Castle Age
18:24 Gold Mining
18:25 Stone Mining
21:56 Bow Saw
30:39 Imperial Age
30:04 Wheelbarrow
32:25 Gold Shaft Mining
31:41 Cavalier
32:24 Husbandry
33:39 Scale Barding Armor
33:47 Forging
36:16 Chain Barding Armor
36:32 Iron Casting
40:24 Blast Furnace
40:00 Plate Barding Armor
48:22 Paladin
Tie
5:49 Loom
13:56 Feudal Age
17:35 Double-Bit Axe
19:14 Horse Collar
24:42 Castle Age
24:29 Gold Mining
25:02 Stone Mining
25:37 Bow Saw
25:31 Heavy Plow
28:59 Wheelbarrow
29:29 Pikeman
30:06 Fletching
31:21 Hand Cart
35:22 Husbandry
37:00 Gold Shaft Mining
38:56 Bodkin Arrow
39:15 Thumb Ring
44:18 Imperial Age
44:21 Elite War Wagon
45:37 Shinkichon
46:35 Chemistry
45:39 Bracer
48:10 Stone Shaft Mining
48:38 Two-Man Saw
saikrishan399
0:31 Loom
13:07 Feudal Age
18:24 Castle Age
16:27 Double-Bit Axe
16:35 Horse Collar
23:09 Bow Saw
23:03 Heavy Plow
27:15 Wheelbarrow
28:34 Hand Cart
28:08 Town Watch
28:45 Gold Mining
28:50 Stone Mining
29:13 Forging
29:10 Scale Barding Armor
30:33 Town Patrol
33:29 Imperial Age
32:56 Gold Shaft Mining
32:50 Ballistics
32:26 Murder Holes
32:42 Masonry
32:49 Fletching
32:59 Padded Archer Armor
33:35 Iron Casting
33:21 Chain Barding Armor
33:57 Heavy Cavalry Archer
35:04 Parthian Tactics
34:47 Thumb Ring
34:42 Bodkin Arrow
35:03 Leather Archer Armor
34:15 Cavalier
34:57 Husbandry
35:42 Bloodlines
37:06 Blast Furnace
36:33 Paladin
37:45 Marauders
38:59 Chemistry
38:45 Plate Barding Armor
39:16 Two-Man Saw
theblackdouglas9
4:49 Loom
14:38 Feudal Age
16:42 Wheelbarrow
22:30 Castle Age
21:29 Man-at-Arms
22:09 Double-Bit Axe
22:12 Horse Collar
23:20 Scale Mail Armor
23:31 Forging
24:40 Fervor
25:37 Hand Cart
28:57 Iron Casting
28:38 Chain Mail Armor
28:59 Long Swordsman
29:25 Gambesons
34:58 Imperial Age
33:01 Padded Archer Armor
32:51 Fletching
34:24 Leather Archer Armor
33:34 Two-Handed Swordsman
34:16 Squires
33:36 Pikeman
34:02 Arson
34:42 Sanctity
34:49 Bow Saw
34:40 Gold Mining
35:00 Stone Mining
38:14 Blast Furnace
38:29 Conscription
38:43 Heavy Plow
40:22 Elite Composite Bowman
41:08 Fereters
42:40 Champion
44:55 Plate Mail Armor
44:56 Ring Archer Armor
Jeshu17hds
0:41 Loom
11:35 Feudal Age
13:11 Wheelbarrow
12:40 Town Watch
23:06 Castle Age
22:08 Double-Bit Axe
22:15 Gold Mining
22:12 Horse Collar
24:36 Hand Cart
24:30 Pikeman
25:10 Squires
25:19 Thumb Ring
26:19 Scale Mail Armor
26:19 Padded Archer Armor
25:42 Crossbowman
26:26 Squires
30:32 Man-at-Arms
30:58 Arson
30:36 Elite Skirmisher
31:29 Forging
31:09 Fletching
32:59 Bow Saw
32:17 Eagle Warrior
32:17 Long Swordsman
34:04 Town Patrol
34:26 Chain Mail Armor
34:26 Leather Archer Armor
iKalakamalaka
17:06 Feudal Age
18:59 Wheelbarrow
18:15 Fishing Lines
18:34 Double-Bit Axe
19:30 Horse Collar
28:03 Castle Age
26:48 Forging
26:38 Scale Mail Armor
26:45 Scale Barding Armor
26:32 Fletching
26:44 Padded Archer Armor
27:29 Arson
28:42 Gillnets
29:16 Bow Saw
30:22 Caravan
30:55 Heavy Plow
30:57 Squires
30:18 Pikeman
30:19 Man-at-Arms
35:03 Imperial Age
34:09 Iron Casting
33:50 Chain Mail Armor
33:32 Bodkin Arrow
35:12 Chemistry
33:54 Treadmill Crane
34:28 Fortified Wall
34:30 Masonry
35:08 Hand Cart
34:40 Loom
34:41 Town Watch
37:26 Conscription
37:25 Siege Engineers
39:53 Two-Man Saw
41:30 Town Patrol
45:25 Halberdier
Гроза Крипов
0:45 Loom
15:49 Feudal Age
17:35 Wheelbarrow
16:49 Double-Bit Axe
16:57 Gold Mining
16:50 Horse Collar
17:05 Stone Mining
25:48 Castle Age
24:07 Padded Archer Armor
24:19 Fletching
26:10 Forging
26:01 Scale Mail Armor
27:44 Hand Cart
27:42 Bow Saw
28:08 Heavy Plow
28:25 Caravan
27:54 Crossbowman
29:28 Stone Shaft Mining
30:50 Bodkin Arrow
31:11 Leather Archer Armor
31:35 Iron Casting
31:33 Heated Shot
31:24 Treadmill Crane
31:40 Murder Holes
33:15 Ballistics
33:08 Fortified Wall
33:09 Thumb Ring
40:40 Imperial Age
39:26 Chain Mail Armor
Connection lost

Rejoining the realm…

Still unreachable

The connection could not be restored.

Session expired

The server has moved on; the page needs a fresh start.